AoeStats
← Buhr

Oasis

510020189Analyzed
4v4 RM · 5d ago on Sep 29, 2026· 17m 43s· 8 players
Game mode
Random Map
Map size
Large (8 player)
Population
200
Speed
Normal
Resources
Standard
Victory
Conquest
Starting age
Dark Age
Ending age
Imperial Age
RankedLock teamsTeams togetherTeam positionsShared explorationLock speedFull tech treeHidden civsTurbo modeCheats
Victory
Defeat
🇲🇽 Dravidians · Mexico
1880
+7
🇨🇴 Hindustanis · Colombia
1659
+15
🇺🇸 Chinese · United States
1654
+15
🇲🇽 Malay · Mexico
1625
+15
🇧🇷 Burmese · Brazil
1694
-15
🇲🇽 Shu · Mexico
1689
-15
🇺🇸 Bulgarians · United States
1580
-11
🇨🇳 Maya · China
1578
-11
DS_Gabo
0:26 Loom
10:25 Feudal Age
12:19 Double-Bit Axe
Ux'LobodeLaNieve
6:48 Loom
8:52 Feudal Age
12:52 Fletching
EL TIGRE ABELARDO
8:57 Feudal Age
9:32 Double-Bit Axe
10:22 Horse Collar
15:34 Forging
16:59 Bloodlines
javiermx
11:21 Feudal Age
15:55 Castle Age
15:33 Scale Barding Armor
Rv
5:58 Loom
8:47 Feudal Age
12:03 Double-Bit Axe
12:58 Fletching
Buhr
6:05 Loom
7:03 Loom
9:24 Feudal Age
9:57 Double-Bit Axe
10:34 Double-Bit Axe
14:19 Horse Collar
Sung Jinwoo
5:51 Loom
8:41 Feudal Age
12:33 Fletching
Element-Dy
0:31 Loom
9:17 Feudal Age
17:07 Arson
Connection lost

Rejoining the realm…

Still unreachable

The connection could not be restored.

Session expired

The server has moved on; the page needs a fresh start.